TOP OF THE 1ST |
---|
Savannah Hogs batting - Pitching for Montgomery Grey Sox : RHP Mark Phillips | Pitching: RHP Mark Phillips | | Batting: RHB Luis Mercado | 0-0: Ball 1-0: Foul Ball, location: 2F 1-1: Called Strike 1-2: Ball 2-2: Foul Ball, location: 2F 2-2: SINGLE (Flyball, 89M) | Batting: LHB Alberto Castellanos | 0-0: Ball Pickoff Throw to First - Out! 1-0: Ball 2-0: Ball 3-0: Called Strike 3-1: DOUBLE (Groundball, 5L) | Batting: SHB Juan Chávez | 0-0: Ball Alberto Castellanos steals 3rd base 1-0: Swinging Strike 1-1: Ball 2-1: Ground out 2-3 (Groundball, 2L) | Batting: RHB Lewis Childress | 0-0: Ball 1-0: Ball 2-0: Ground out 5-3 (Groundball, 56) | Top of the 1st over - 0 runs, 2 hits, 0 errors, 1 left on base; Savannah 0 - Montgomery 0 | BOTTOM OF THE 1ST |
---|
Montgomery Grey Sox batting - Pitching for Savannah Hogs : LHP Ramón González | Pitching: LHP Ramón González | | Batting: LHB Salvador López | 0-0: Foul Ball, location: 2F 0-1: Swinging Strike 0-2: Ball 1-2: Ball 2-2: Ball 3-2: SINGLE (Groundball, 34D) | Batting: RHB Mike Cleveland | 0-0: Ball 1-0: Swinging Strike 1-1: Foul Ball, location: 2F 1-2: Ball 2-2: Foul Ball, location: 2F 2-2: Strikes out swinging | Batting: RHB Pedro Castro | 0-0: Ball 1-0: Ball 2-0: Swinging Strike 2-1: Swinging Strike 2-2: Strikes out swinging | Batting: RHB Glen MacDonald | 0-0: Called Strike 0-1: Ball 1-1: Ball 2-1: Foul Ball, location: 2F 2-2: Ball 3-2: SINGLE (Line Drive, 8RS) Salvador López to second Salvador López to third | Batting: LHB Aaron Thompson | 0-0: Ball 1-0: Foul Ball, location: 2F 1-1: Foul Ball, location: 2F 1-2: Ball 2-2: DOUBLE (Flyball, 8LXD) Salvador López scores Glen MacDonald to third Runner from 3rd tries for Home, SAFE, no throw | Batting: RHB Bobby Hulsey | 0-0: Called Strike 0-1: Ball 1-1: Swinging Strike 1-2: Ball 2-2: Ball 3-2: Base on Balls | Batting: LHB Francisco Romo | 0-0: Called Strike 0-1: Foul Ball, location: 2F 0-2: Ball 1-2: Foul Ball, location: 2F 1-2: Ball 2-2: Ball 3-2: SINGLE (Groundball, 4MD) Aaron Thompson to third Bobby Hulsey to second Aaron Thompson scores Bobby Hulsey to third | Batting: RHB António Nevárez | 0-0: Ground out 6-3 (Groundball, 4M) | Bottom of the 1st over - 3 runs, 4 hits, 0 errors, 2 left on base; Savannah 0 - Montgomery 3 | TOP OF THE 2ND |
---|
Savannah Hogs batting - Pitching for Montgomery Grey Sox : RHP Mark Phillips | Batting: LHB António Gutiérrez | 0-0: Swinging Strike 0-1: Swinging Strike 0-2: Strikes out swinging | Batting: RHB Gilberto Bautista | 0-0: Called Strike 0-1: Called Strike 0-2: Strikes out looking | Batting: RHB Richard Cardoza | 0-0: Called Strike 0-1: Swinging Strike 0-2: Strikes out looking | Top of the 2nd over - 0 runs, 0 hits, 0 errors, 0 left on base; Savannah 0 - Montgomery 3 | BOTTOM OF THE 2ND |
---|
Montgomery Grey Sox batting - Pitching for Savannah Hogs : LHP Ramón González | Batting: LHB Amlak Saitoti | 0-0: Ball 1-0: Called Strike 1-1: Ball 2-1: Ball 3-1: Reached on error, E4 (Groundball, 4) | Batting: LHB Salvador López | 0-0: Ball Pickoff Throw to First - Out! 1-0: Foul Ball, location: 2F 1-1: Called Strike 1-2: Ball 2-2: Ball 3-2: Fly out, F4 (Popup, 4S) | Batting: RHB Mike Cleveland | 0-0: Fly out, F9 (Flyball, 9) | Bottom of the 2nd over - 0 runs, 0 hits, 1 error, 0 left on base; Savannah 0 - Montgomery 3 | TOP OF THE 3RD |
---|
Savannah Hogs batting - Pitching for Montgomery Grey Sox : RHP Mark Phillips | Batting: RHB Rick Holman | 0-0: Ground out 1-3 (Groundball, P) | Batting: RHB Júlio Contreras | 0-0: Swinging Strike 0-1: Ball 1-1: Swinging Strike 1-2: Ball 2-2: Fly out, F8 (Flyball, 89M) | Batting: RHB Luis Mercado | 0-0: Ball 1-0: SINGLE (Groundball, 4MD) | Batting: LHB Alberto Castellanos | 0-0: SINGLE (Groundball, 25) (infield hit) Luis Mercado to second | Batting: SHB Juan Chávez | 0-0: Swinging Strike 0-1: Ball 1-1: Foul Ball, location: 2F 1-2: Reached on error, E1 (Groundball, 15S) Luis Mercado to third Alberto Castellanos to second | Batting: RHB Lewis Childress | 0-0: Ball 1-0: Ball Wild Pitch! Luis Mercado scores Alberto Castellanos to third Juan Chávez to second 2-0: Foul Ball, location: 2F 2-1: Fly out, F8 (Line Drive, 8LD) | Top of the 3rd over - 1 run, 2 hits, 1 error, 2 left on base; Savannah 1 - Montgomery 3 | BOTTOM OF THE 3RD |
---|
Montgomery Grey Sox batting - Pitching for Savannah Hogs : LHP Ramón González | Batting: RHB Pedro Castro | 0-0: Ball 1-0: DOUBLE (Line Drive, 7LM) | Batting: RHB Glen MacDonald | 0-0: Ball 1-0: Foul Ball, location: 2F 1-1: Ball 2-1: Ball 3-1: Ground out 4-3 (Groundball, 4) Pedro Castro to third | Batting: LHB Aaron Thompson | 0-0: Ball 1-0: Fly out, F8 (Flyball, 8LM) | Batting: RHB Bobby Hulsey | 0-0: Ball 1-0: Ball 2-0: Called Strike 2-1: Ball 3-1: Foul Ball, location: 2F 3-2: Base on Balls | Batting: LHB Francisco Romo | 0-0: Ball 1-0: Swinging Strike 1-1: Called Strike 1-2: Ball 2-2: Foul Ball, location: 2F 2-2: Ball 3-2: Strikes out swinging | Bottom of the 3rd over - 0 runs, 1 hit, 0 errors, 2 left on base; Savannah 1 - Montgomery 3 | TOP OF THE 4TH |
---|
Savannah Hogs batting - Pitching for Montgomery Grey Sox : RHP Mark Phillips | Batting: LHB António Gutiérrez | 0-0: Called Strike 0-1: Foul Ball, location: 2F 0-2: Ball 1-2: Strikes out swinging | Batting: RHB Gilberto Bautista | 0-0: Swinging Strike 0-1: Ball 1-1: Ball 2-1: Ball 3-1: Called Strike 3-2: Strikes out swinging | Batting: RHB Richard Cardoza | 0-0: SINGLE (Flyball, 8RS) | Batting: RHB Rick Holman | 0-0: Called Strike 0-1: Ball 1-1: Ball 2-1: SINGLE (Line Drive, 56) Richard Cardoza to second | Batting: RHB Júlio Contreras | 0-0: Foul Ball, location: 2F 0-1: Foul Ball, location: 2F 0-2: Foul Ball, location: 2F 0-2: Ball 1-2: Ball 2-2: Ball 3-2: Ground out 5-3 (Groundball, 56S) | Top of the 4th over - 0 runs, 2 hits, 0 errors, 2 left on base; Savannah 1 - Montgomery 3 | BOTTOM OF THE 4TH |
---|
Montgomery Grey Sox batting - Pitching for Savannah Hogs : LHP Ramón González | Batting: RHB António Nevárez | 0-0: Called Strike 0-1: Foul Ball, location: 2F 0-2: DOUBLE (Groundball, 5L) | Batting: LHB Amlak Saitoti | 0-0: Ball 1-0: Ball 2-0: Swinging Strike 2-1: Ball 3-1: Base on Balls | Pitching: RHP Cristiano Cipolloni | | Batting: LHB Salvador López | 0-0: Ball 1-0: Ball 2-0: Ball 3-0: Foul Ball, location: 2F 3-1: Foul Ball, location: 2F 3-2: Base on Balls António Nevárez to third Amlak Saitoti to second | Batting: RHB Mike Cleveland | 0-0: Ball Wild Pitch! António Nevárez scores Amlak Saitoti to third Salvador López to second 1-0: Ball 2-0: Foul Ball, location: 2F 2-1: Foul Ball, location: 2F 2-2: Hit by Pitch | Batting: RHB Pedro Castro | 0-0: Called Strike 0-1: Ball 1-1: Fly out, F6 (Line Drive, 6M) | Batting: RHB Glen MacDonald | 0-0: Ball 1-0: Called Strike 1-1: Swinging Strike 1-2: Strikes out swinging | Batting: LHB Aaron Thompson | 0-0: Ball 1-0: Ball 2-0: Ball 3-0: Base on Balls Amlak Saitoti scores Salvador López to third Mike Cleveland to second | Batting: RHB Bobby Hulsey | 0-0: Swinging Strike 0-1: Ball 1-1: Swinging Strike 1-2: Ball 2-2: Foul Ball, location: 2F 2-2: Ball 3-2: Base on Balls Salvador López scores Mike Cleveland to third Aaron Thompson to second | Batting: LHB Francisco Romo | 0-0: Called Strike 0-1: Ball 1-1: GRAND SLAM HOME RUN (Flyball, 9LD), Distance : 375 ft | Pitching: RHP Fernando Vázquez | | Batting: RHB António Nevárez | 0-0: Fly out, F8 (Flyball, 8RD) | Bottom of the 4th over - 7 runs, 2 hits, 0 errors, 0 left on base; Savannah 1 - Montgomery 10 | TOP OF THE 5TH |
---|
Savannah Hogs batting - Pitching for Montgomery Grey Sox : RHP Mark Phillips | Batting: RHB Luis Mercado | 0-0: Ball 1-0: Swinging Strike 1-1: Swinging Strike 1-2: Strikes out swinging | Batting: LHB Alberto Castellanos | 0-0: SINGLE (Line Drive, 4MD) | Batting: SHB Juan Chávez | 0-0: Grounds into double play, 4-6-3 (Groundball, 4) | Top of the 5th over - 0 runs, 1 hit, 0 errors, 0 left on base; Savannah 1 - Montgomery 10 | BOTTOM OF THE 5TH |
---|
Montgomery Grey Sox batting - Pitching for Savannah Hogs : RHP Fernando Vázquez | Batting: LHB Amlak Saitoti | 0-0: Ball 1-0: Foul Ball, location: 2F 1-1: Ball 2-1: Ground out 4-3 (Groundball, 4M) | Batting: LHB Salvador López | 0-0: Called Strike 0-1: Swinging Strike 0-2: Ball 1-2: Ball 2-2: Foul Ball, location: 2F 2-2: Strikes out swinging | Batting: RHB Mike Cleveland | 0-0: Ball 1-0: Ball 2-0: Ball 3-0: Called Strike 3-1: Called Strike 3-2: Foul Ball, location: 2F 3-2: Foul Ball, location: 2F 3-2: SINGLE (Groundball, 34D) | Batting: RHB Pedro Castro | 0-0: Ball 1-0: DOUBLE (Flyball, 89D) Mike Cleveland to third Runner from 3rd tries for Home, SAFE, no throw | Batting: RHB Glen MacDonald | 0-0: Called Strike 0-1: Ball 1-1: Ground out 4-3 (Groundball, 4) | Bottom of the 5th over - 1 run, 2 hits, 0 errors, 1 left on base; Savannah 1 - Montgomery 11 | TOP OF THE 6TH |
---|
Savannah Hogs batting - Pitching for Montgomery Grey Sox : RHP Mark Phillips | Batting: RHB Lewis Childress | 0-0: Ball 1-0: Fly out, F8 (Flyball, 8LM) | Batting: LHB António Gutiérrez | 0-0: Called Strike 0-1: Ball 1-1: Ball 2-1: Called Strike 2-2: Fly out, F8 (Line Drive, 89D) | Batting: RHB Gilberto Bautista | 0-0: Ball 1-0: Foul Ball, location: 2F 1-1: Called Strike 1-2: Foul Ball, location: 2F 1-2: Strikes out swinging | Top of the 6th over - 0 runs, 0 hits, 0 errors, 0 left on base; Savannah 1 - Montgomery 11 | BOTTOM OF THE 6TH |
---|
Montgomery Grey Sox batting - Pitching for Savannah Hogs : RHP Fernando Vázquez | Batting: LHB Aaron Thompson | 0-0: Ball 1-0: Ball 2-0: Foul Ball, location: 2F 2-1: Foul Ball, location: 2F 2-2: Ball 3-2: Foul Ball, location: 2F 3-2: Foul Ball, location: 2F 3-2: Ground out U3 (Groundball, 34) | Batting: RHB Bobby Hulsey | 0-0: Ball 1-0: Ball 2-0: Foul Ball, location: 2F 2-1: Called Strike 2-2: Foul Ball, location: 2F 2-2: Ball 3-2: Foul Ball, location: 2F 3-2: Base on Balls | Batting: LHB Francisco Romo | 0-0: Ball 1-0: Called Strike 1-1: Called Strike 1-2: Ball 2-2: Strikes out looking | Batting: RHB António Nevárez | 0-0: Fielders Choice at 2nd, 5-4 (Groundball, 5L) | Bottom of the 6th over - 0 runs, 0 hits, 0 errors, 1 left on base; Savannah 1 - Montgomery 11 | TOP OF THE 7TH |
---|
Savannah Hogs batting - Pitching for Montgomery Grey Sox : RHP Mark Phillips | Batting: RHB Richard Cardoza | 0-0: Ball 1-0: Swinging Strike 1-1: Foul Ball, location: 2F 1-2: Ball 2-2: Ball 3-2: Strikes out swinging | Batting: RHB Rick Holman | 0-0: Ball 1-0: Ball 2-0: Ground out 1-3 (Groundball, 15) | Batting: RHB Júlio Contreras | 0-0: Ball 1-0: Swinging Strike 1-1: Ball 2-1: Ball 3-1: SINGLE (Flyball, 3D) | Batting: RHB Luis Mercado | 0-0: Ball 1-0: Ball 2-0: Ground out 4-3 (Groundball, 4) | Top of the 7th over - 0 runs, 1 hit, 0 errors, 1 left on base; Savannah 1 - Montgomery 11 | BOTTOM OF THE 7TH |
---|
Montgomery Grey Sox batting - Pitching for Savannah Hogs : RHP Fernando Vázquez | Batting: LHB Amlak Saitoti | 0-0: Ball 1-0: Ball 2-0: Called Strike 2-1: Foul Ball, location: 2F 2-2: Foul Ball, location: 2F 2-2: SINGLE (Line Drive, 89S) | Batting: LHB Salvador López | 0-0: Called Strike 0-1: SINGLE (Groundball, 34D) Amlak Saitoti to second Runner from 2nd tries for 3rd, SAFE, no throw | Batting: RHB Mike Cleveland | 0-0: Ball 1-0: Fly out, F6 (Line Drive, 6) | Batting: RHB Pedro Castro | 0-0: Called Strike 0-1: Called Strike 0-2: Foul Ball, location: 2F 0-2: Foul Ball, location: 2F 0-2: Strikes out swinging | Batting: RHB Glen MacDonald | 0-0: Swinging Strike 0-1: Fly out, F4 (Line Drive, 34) | Bottom of the 7th over - 0 runs, 2 hits, 0 errors, 2 left on base; Savannah 1 - Montgomery 11 | TOP OF THE 8TH |
---|
Savannah Hogs batting - Pitching for Montgomery Grey Sox : RHP Mark Phillips | Pitching: LHP Mike Waller | | Now at C: Ben White | | Batting: LHB Alberto Castellanos | 0-0: Ground out 4-3 (Groundball, 34D) | Batting: SHB Juan Chávez | 0-0: Called Strike 0-1: Ground out 6-3 (Groundball, 6) | Batting: RHB Lewis Childress | 0-0: Ball 1-0: Ball 2-0: Ball 3-0: Base on Balls | Batting: LHB António Gutiérrez | 0-0: Foul Ball, location: 2F 0-1: Called Strike 0-2: Ball 1-2: Ball 2-2: Strikes out swinging | Top of the 8th over - 0 runs, 0 hits, 0 errors, 1 left on base; Savannah 1 - Montgomery 11 | BOTTOM OF THE 8TH |
---|
Montgomery Grey Sox batting - Pitching for Savannah Hogs : RHP Fernando Vázquez | Batting: LHB Aaron Thompson | 0-0: Swinging Strike 0-1: Fly out, F7 (Flyball, 7S) | Batting: RHB Bobby Hulsey | 0-0: Foul Ball, location: 2F 0-1: Ball 1-1: Ball 2-1: Ball 3-1: Base on Balls | Pitching: RHP Fernando Barrios | | Batting: LHB Francisco Romo | 0-0: Called Strike 0-1: Called Strike 0-2: Strikes out swinging | Batting: RHB António Nevárez | 0-0: Ball 1-0: Called Strike 1-1: Ball 2-1: Ball 3-1: Foul Ball, location: 2F 3-2: Base on Balls Bobby Hulsey to second | Batting: LHB Amlak Saitoti | 0-0: Ball 1-0: Ball 2-0: Ball 3-0: Called Strike 3-1: Base on Balls Bobby Hulsey to third António Nevárez to second | Batting: LHB Salvador López | 0-0: Fly out, F3 (Line Drive, 3L) | Bottom of the 8th over - 0 runs, 0 hits, 0 errors, 3 left on base; Savannah 1 - Montgomery 11 | TOP OF THE 9TH |
---|
Savannah Hogs batting - Pitching for Montgomery Grey Sox : LHP Mike Waller | Batting: RHB Gilberto Bautista | 0-0: Called Strike 0-1: Swinging Strike 0-2: Strikes out swinging | Pinch Hitting: RHB Jorge Chávez | 0-0: Ball 1-0: Called Strike 1-1: Ball 2-1: Ball 3-1: Base on Balls | Pinch Hitting: RHB Orlando Márquez | 0-0: Ball 1-0: Ball 2-0: Swinging Strike 2-1: Ball Passed Ball! Jorge Chávez to second 3-1: Called Strike 3-2: Fly out, F4 (Line Drive, 4) Lined into DP, 4-6 (Line Drive, 4) | Top of the 9th over - 0 runs, 0 hits, 0 errors, 0 left on base; Savannah 1 - Montgomery 11 | |